3A
IDAHO FALLS CHUKARS @ HIGHWOOD HAWKS
07/13/2027
 
TOP OF THE 1ST
Idaho Falls Chukars batting - Pitching for Highwood Hawks : RHP Érico Laborde
Pitching: RHP Érico Laborde
Batting: LHB Juan Rosado 0-0: Ball
1-0: Swinging Strike
1-1: Called Strike
1-2: Ball
2-2: Ball
3-2: Base on Balls
Batting: SHB Jesús Román 0-0: Ball
1-0: Ball
2-0: Called Strike
2-1: Ground out 3-1 (Groundball, 34)
Juan Rosado to second
Batting: SHB Félix Medina 0-0: Called Strike
0-1: Foul Ball, location: 2F
0-2: Strikes out swinging
Batting: RHB Scott Ramsey 0-0: Called Strike
0-1: Ball
1-1: Ball
2-1: Ground out 5-3 (Groundball, 56)
Top of the 1st over - 0 run(s), 0 hit(s), 0 error(s), 1 left on base; Idaho Falls 0 - Highwood 0
BOTTOM OF THE 1ST
Highwood Hawks batting - Pitching for Idaho Falls Chukars : RHP Barney Starr
Pitching: RHP Barney Starr
Batting: RHB Luis Díaz 0-0: Ground out 5-3 (Groundball, 5S)
Batting: RHB Owen Cannon 0-0: Ball
1-0: Ball
2-0: Ball
3-0: Base on Balls
Batting: LHB Jeff Simpson 0-0: Called Strike
Owen Cannon is caught stealing 2nd base
0-1: Swinging Strike
0-2: Strikes out swinging
Bottom of the 1st over - 0 run(s), 0 hit(s), 0 error(s), 0 left on base; Idaho Falls 0 - Highwood 0
TOP OF THE 2ND
Idaho Falls Chukars batting - Pitching for Highwood Hawks : RHP Érico Laborde
Batting: SHB Jorge Colón 0-0: Called Strike
0-1: Swinging Strike
0-2: Ball
1-2: Ball
2-2: Foul Ball, location: 2F
2-2: Strikes out swinging
Batting: SHB Shiki Sanu 0-0: Foul Ball, location: 2F
0-1: SOLO HOME RUN (Flyball, 9D), Distance : 397 ft
Batting: RHB Ilkka Haapajarvi 0-0: Ball
1-0: Ball
2-0: Called Strike
2-1: Foul Ball, location: 2F
2-2: Ball
3-2: Strikes out swinging
Batting: LHB Jérôme Masson 0-0: Called Strike
0-1: Foul Ball, location: 2F
0-2: Ball
1-2: Fly out, F9 (Line Drive, 9LM)
Top of the 2nd over - 1 run(s), 1 hit(s), 0 error(s), 0 left on base; Idaho Falls 1 - Highwood 0
BOTTOM OF THE 2ND
Highwood Hawks batting - Pitching for Idaho Falls Chukars : RHP Barney Starr
Batting: SHB Iikka Karpinen 0-0: Ball
1-0: Ball
2-0: Ball
3-0: Called Strike
3-1: Foul Ball, location: 2F
3-2: Foul Ball, location: 2F
3-2: Strikes out swinging
Batting: RHB Lane McCool 0-0: Swinging Strike
0-1: Foul Ball, location: 2F
0-2: Ball
1-2: Fly out, F8 (Flyball, 8LS)
Batting: RHB Félix Vaca 0-0: Ball
1-0: Foul Ball, location: 2F
1-1: Ball
2-1: Foul Ball, location: 2F
2-2: Ball
3-2: Ground out 6-3 (Groundball, 56)
Bottom of the 2nd over - 0 run(s), 0 hit(s), 0 error(s), 0 left on base; Idaho Falls 1 - Highwood 0
TOP OF THE 3RD
Idaho Falls Chukars batting - Pitching for Highwood Hawks : RHP Érico Laborde
Batting: SHB José López 0-0: Called Strike
0-1: Ball
1-1: Swinging Strike
1-2: SINGLE (Groundball, 34D)
Batting: LHB Juan Rosado 0-0: Ball
1-0: Called Strike
1-1: Fly out, F3 (Line Drive, 3)
Lined into DP, U3 (Line Drive, 3)
Batting: SHB Jesús Román 0-0: Called Strike
0-1: Ball
1-1: Ground out 3-1 (Groundball, 34S)
Top of the 3rd over - 0 run(s), 1 hit(s), 0 error(s), 0 left on base; Idaho Falls 1 - Highwood 0
BOTTOM OF THE 3RD
Highwood Hawks batting - Pitching for Idaho Falls Chukars : RHP Barney Starr
Batting: RHB Ray Covalt 0-0: Foul Ball, location: 2F
0-1: Ball
1-1: Fly out, F7 (Flyball, 7)
Batting: RHB Johnny Henshaw-Jacobs 0-0: Swinging Strike
0-1: Called Strike
0-2: Foul Ball, location: 2F
0-2: Ball
1-2: Strikes out swinging
Batting: LHB Carlos Medellín 0-0: Ball
1-0: Swinging Strike
1-1: Ball
2-1: Ball
3-1: Called Strike
3-2: Foul Ball, location: 2F
3-2: Base on Balls
Batting: RHB Luis Díaz 0-0: Called Strike
0-1: Ball
1-1: Called Strike
1-2: Strikes out swinging
Bottom of the 3rd over - 0 run(s), 0 hit(s), 0 error(s), 1 left on base; Idaho Falls 1 - Highwood 0
TOP OF THE 4TH
Idaho Falls Chukars batting - Pitching for Highwood Hawks : RHP Érico Laborde
Batting: SHB Félix Medina 0-0: Ball
1-0: Ground out 5-3 (Groundball, 56S)
Batting: RHB Scott Ramsey 0-0: Ball
1-0: Ball
2-0: Called Strike
2-1: Foul Ball, location: 2F
2-2: Ball
3-2: Base on Balls
Batting: SHB Jorge Colón 0-0: Called Strike
0-1: Fly out, F7 (Flyball, 7LM)
Batting: SHB Shiki Sanu 0-0: Called Strike
0-1: Called Strike
0-2: Strikes out swinging
Top of the 4th over - 0 run(s), 0 hit(s), 0 error(s), 1 left on base; Idaho Falls 1 - Highwood 0
BOTTOM OF THE 4TH
Highwood Hawks batting - Pitching for Idaho Falls Chukars : RHP Barney Starr
Batting: RHB Owen Cannon 0-0: Called Strike
0-1: Ball
1-1: Foul Ball, location: 2F
1-2: Strikes out swinging
Batting: LHB Jeff Simpson 0-0: SINGLE (Line Drive, 56)
Batting: SHB Iikka Karpinen 0-0: Called Strike
0-1: SINGLE (Groundball, 4MD)
Jeff Simpson to second
Batting: RHB Lane McCool 0-0: SINGLE (Line Drive, 9LS)
Jeff Simpson to third
Iikka Karpinen to second
Runner from 3rd tries for Home, SAFE, no throw
Batting: RHB Félix Vaca 0-0: Ball
1-0: Ball
2-0: SINGLE (Line Drive, 6MD)
Iikka Karpinen to third
Lane McCool to second
Runner from 3rd tries for Home, SAFE, no throw
Batting: RHB Ray Covalt 0-0: SINGLE (Line Drive, 5D)
Lane McCool to third
Félix Vaca to second
Batting: RHB Johnny Henshaw-Jacobs 0-0: Called Strike
0-1: Foul Ball, location: 2F
0-2: Ball
1-2: Ball
2-2: Fly out, F9 (Flyball, 89M)
Lined into DP, 9-5 (Flyball, 89M)
Bottom of the 4th over - 2 run(s), 5 hit(s), 0 error(s), 2 left on base; Idaho Falls 1 - Highwood 2
TOP OF THE 5TH
Idaho Falls Chukars batting - Pitching for Highwood Hawks : RHP Érico Laborde
Batting: RHB Ilkka Haapajarvi 0-0: Ground out 5-3 (Groundball, 5)
Batting: LHB Jérôme Masson 0-0: Ball
1-0: Ground out U3 (Groundball, 34)
Batting: SHB José López 0-0: Ball
1-0: Foul Ball, location: 2F
1-1: Foul Ball, location: 2F
1-2: Ball
2-2: Ball
3-2: Foul Ball, location: 2F
3-2: SOLO HOME RUN (Flyball, 89XD) (Inside the Park)
Batting: LHB Juan Rosado 0-0: Fly out, F6 (Popup, 5D)
Top of the 5th over - 1 run(s), 1 hit(s), 0 error(s), 0 left on base; Idaho Falls 2 - Highwood 2
BOTTOM OF THE 5TH
Highwood Hawks batting - Pitching for Idaho Falls Chukars : RHP Barney Starr
Batting: LHB Carlos Medellín 0-0: Ball
1-0: SINGLE (Flyball, 8LS)
Batting: RHB Luis Díaz 0-0: Bunted foul
0-1: Ball
1-1: Ball
2-1: Sac Bunt - play at first, batter OUT! U3
Carlos Medellín to second
Batting: RHB Owen Cannon 0-0: Foul Ball, location: 2F
0-1: Fly out, F8 (Flyball, 8RS)
Batting: LHB Jeff Simpson 0-0: Ball
1-0: Ball
Wild Pitch!
Carlos Medellín to third
2-0: Swinging Strike
2-1: Called Strike
2-2: Strikes out swinging
Bottom of the 5th over - 0 run(s), 1 hit(s), 0 error(s), 1 left on base; Idaho Falls 2 - Highwood 2
TOP OF THE 6TH
Idaho Falls Chukars batting - Pitching for Highwood Hawks : RHP Érico Laborde
Batting: SHB Jesús Román 0-0: DOUBLE (Flyball, 8LXD)
Batting: SHB Félix Medina 0-0: Called Strike
0-1: Called Strike
0-2: Ball
1-2: Strikes out swinging
Batting: RHB Scott Ramsey 0-0: Intentional Walk
Batting: SHB Jorge Colón 0-0: Foul Ball, location: 2F
0-1: Ball
1-1: Ball
Wild Pitch!
Jesús Román to third
Scott Ramsey to second
2-1: Ball
3-1: Foul Ball, location: 2F
3-2: Fly out, F8 (Flyball, 8LM)
Runner from 3rd tags up, SCORES, no throw
Batting: SHB Shiki Sanu 0-0: Foul Ball, location: 2F
0-1: Foul Ball, location: 2F
0-2: Strikes out swinging
Top of the 6th over - 1 run(s), 1 hit(s), 0 error(s), 1 left on base; Idaho Falls 3 - Highwood 2
BOTTOM OF THE 6TH
Highwood Hawks batting - Pitching for Idaho Falls Chukars : RHP Barney Starr
Batting: SHB Iikka Karpinen 0-0: Called Strike
0-1: Ball
1-1: Ball
2-1: Ball
3-1: Fly out, F4 (Flyball, 4D)
Batting: RHB Lane McCool 0-0: Ball
1-0: Called Strike
1-1: SINGLE (Line Drive, 7S)
Batting: RHB Félix Vaca 0-0: Ball
1-0: Swinging Strike
1-1: Fly out, F9 (Flyball, 89M)
Batting: RHB Ray Covalt 0-0: Called Strike
Lane McCool is caught stealing 2nd base
Bottom of the 6th over - 0 run(s), 1 hit(s), 0 error(s), 0 left on base; Idaho Falls 3 - Highwood 2
TOP OF THE 7TH
Idaho Falls Chukars batting - Pitching for Highwood Hawks : RHP Érico Laborde
Batting: RHB Ilkka Haapajarvi 0-0: Fly out, F8 (Flyball, 8RD)
Batting: LHB Jérôme Masson 0-0: Ground out 3-1 (Groundball, 34)
Batting: SHB José López 0-0: Called Strike
0-1: Ball
1-1: Called Strike
1-2: Ball
2-2: Ground out 4-3 (Groundball, 4)
Top of the 7th over - 0 run(s), 0 hit(s), 0 error(s), 0 left on base; Idaho Falls 3 - Highwood 2
BOTTOM OF THE 7TH
Highwood Hawks batting - Pitching for Idaho Falls Chukars : RHP Barney Starr
Batting: RHB Ray Covalt 0-0: Ball
1-0: Called Strike
1-1: Foul Ball, location: 2F
1-2: Ball
2-2: Ball
3-2: Foul Ball, location: 2F
3-2: Foul Ball, location: 2F
3-2: Strikes out swinging
Pitching: LHP Vicente Romero
Batting: RHB Johnny Henshaw-Jacobs 0-0: Called Strike
0-1: Ball
1-1: Swinging Strike
1-2: Ball
2-2: DOUBLE (Line Drive, 7LM)
Pinch Hitting: RHB Gerardo Espinoza 0-0: Ball
1-0: Ground out 5-3 (Groundball, 56)
Pinch Hitting: RHB Stephen McManus 0-0: Foul Ball, location: 2F
0-1: Called Strike
0-2: Ball
1-2: Strikes out swinging
Bottom of the 7th over - 0 run(s), 1 hit(s), 0 error(s), 1 left on base; Idaho Falls 3 - Highwood 2
TOP OF THE 8TH
Idaho Falls Chukars batting - Pitching for Highwood Hawks : RHP Érico Laborde
Now at 1B: Gerardo Espinoza
Now at 2B: Stephen McManus
Batting: LHB Juan Rosado 0-0: Foul Ball, location: 2F
0-1: Swinging Strike
0-2: Ball
1-2: Strikes out swinging
Batting: SHB Jesús Román 0-0: Ball
1-0: Ball
2-0: Ball
3-0: Base on Balls
Batting: SHB Félix Medina 0-0: Ball
Jesús Román is caught stealing 2nd base
1-0: Ball
2-0: Ball
3-0: Called Strike
3-1: Fly out, F4 (Popup, 34D)
Top of the 8th over - 0 run(s), 0 hit(s), 0 error(s), 0 left on base; Idaho Falls 3 - Highwood 2
BOTTOM OF THE 8TH
Highwood Hawks batting - Pitching for Idaho Falls Chukars : LHP Vicente Romero
Pitching: RHP Shotaro Sugahara
Batting: RHB Owen Cannon 0-0: Foul Ball, location: 2F
0-1: Called Strike
0-2: Ball
1-2: SINGLE (Groundball, 6MD)
Batting: LHB Jeff Simpson 0-0: Ball
1-0: SINGLE (Groundball, 34D)
Owen Cannon to second
Runner from 2nd tries for 3rd, SAFE, throw made to third
Pinch Hitting: LHB Jaime Aguilar 0-0: Ball
1-0: Ball
2-0: Called Strike
2-1: Ball
3-1: Base on Balls
Jeff Simpson to second
Batting: RHB Lane McCool 0-0: Ball
1-0: Called Strike
1-1: Ball
2-1: Swinging Strike
2-2: Fly out, F9 (Flyball, 89M)
Runner from 3rd tags up, SCORES, no throw
Pinch Hitting: RHB Tevin McTevin 0-0: Grounds into double play, 6-4-3 (Groundball, 6)
Bottom of the 8th over - 1 run(s), 2 hit(s), 0 error(s), 1 left on base; Idaho Falls 3 - Highwood 3
TOP OF THE 9TH
Idaho Falls Chukars batting - Pitching for Highwood Hawks : RHP Érico Laborde
Pitching: RHP José Barquero
Now in CF: Tevin McTevin
Now in RF: Jaime Aguilar
Batting: RHB Scott Ramsey 0-0: Ball
1-0: Ball
2-0: Ground out 4-3 (Groundball, 6MD)
Batting: SHB Jorge Colón 0-0: Ball
1-0: Swinging Strike
1-1: Ball
2-1: Ball
3-1: Base on Balls
Pinch Runner at 1st Ernesto Carrión:
Batting: SHB Shiki Sanu 0-0: Foul Ball, location: 2F
0-1: SINGLE (Groundball, 34) (infield hit)
Ernesto Carrión to second
Pinch Hitting: RHB Alexandre Keeping 0-0: Called Strike
0-1: Fly out, F7 (Line Drive, 78M)
Batting: LHB Jérôme Masson 0-0: Called Strike
0-1: Ground out U3 (Groundball, 3L)
Top of the 9th over - 0 run(s), 1 hit(s), 0 error(s), 2 left on base; Idaho Falls 3 - Highwood 3
BOTTOM OF THE 9TH
Highwood Hawks batting - Pitching for Idaho Falls Chukars : RHP Shotaro Sugahara
Pitching: RHP Claudio Palma
Now at C: Jonah Cooney
Now in LF: Ernesto Carrión
Pinch Hitting: RHB Andrew Crosby 0-0: Called Strike
0-1: Ball
1-1: Foul Ball, location: 2F
1-2: Strikes out swinging
Batting: RHB Johnny Henshaw-Jacobs 0-0: Ball
1-0: Called Strike
1-1: Ball
2-1: Foul Ball, location: 2F
2-2: Ball
3-2: Strikes out looking
Batting: RHB Gerardo Espinoza 0-0: Ball
1-0: Ground out 6-3 (Groundball, 6)
Bottom of the 9th over - 0 run(s), 0 hit(s), 0 error(s), 0 left on base; Idaho Falls 3 - Highwood 3
TOP OF THE 10TH
Idaho Falls Chukars batting - Pitching for Highwood Hawks : RHP José Barquero
Now at C: Tabor de Maria
Batting: SHB José López 0-0: Swinging Strike
0-1: Ball
1-1: Ball
2-1: Foul Ball, location: 2F
2-2: Strikes out swinging
Pinch Hitting: LHB Víctor Puente 0-0: Ball
1-0: Called Strike
1-1: Ball
2-1: Ball
3-1: Base on Balls
Pinch Hitting: RHB Leon Carlisle 0-0: Ball
Víctor Puente steals 2nd base
1-0: Fly out, F9 (Flyball, 9S)
Batting: SHB Félix Medina 0-0: Ball
1-0: Fly out, F6 (Flyball, 6MD)
Top of the 10th over - 0 run(s), 0 hit(s), 0 error(s), 1 left on base; Idaho Falls 3 - Highwood 3
BOTTOM OF THE 10TH
Highwood Hawks batting - Pitching for Idaho Falls Chukars : RHP Claudio Palma
Now at 3B: Leon Carlisle
Now in RF: Víctor Puente
Batting: RHB Stephen McManus 0-0: Swinging Strike
0-1: Ball
1-1: Called Strike
1-2: Ball
2-2: Strikes out swinging
Batting: RHB Owen Cannon 0-0: Called Strike
0-1: Foul Ball, location: 2F
0-2: Ball
1-2: Strikes out looking
Batting: LHB Jeff Simpson 0-0: Ground out U3 (Groundball, 34)
Bottom of the 10th over - 0 run(s), 0 hit(s), 0 error(s), 0 left on base; Idaho Falls 3 - Highwood 3
TOP OF THE 11TH
Idaho Falls Chukars batting - Pitching for Highwood Hawks : RHP José Barquero
Pitching: RHP Robert Vodchak
Batting: RHB Scott Ramsey 0-0: Ball
1-0: Fly out, F8 (Flyball, 8RS)
Pinch Hitting: RHB Spencer Lyng 0-0: Ball
1-0: Swinging Strike
1-1: Ball
2-1: Swinging Strike
2-2: Foul Ball, location: 2F
2-2: Strikes out swinging
Batting: SHB Shiki Sanu 0-0: Called Strike
0-1: Foul Ball, location: 2F
0-2: Strikes out looking
Top of the 11th over - 0 run(s), 0 hit(s), 0 error(s), 0 left on base; Idaho Falls 3 - Highwood 3
BOTTOM OF THE 11TH
Highwood Hawks batting - Pitching for Idaho Falls Chukars : RHP Claudio Palma
Pitching: RHP Ron Armstrong
Now in LF: Spencer Lyng
Batting: LHB Jaime Aguilar 0-0: Ball
1-0: Ball
2-0: Ball
3-0: Called Strike
3-1: SINGLE (Groundball, 4MD)
Pinch Runner at 1st Ricardo Rivera:
Batting: RHB Lane McCool 0-0: Fly out, F9 (Flyball, 89M)
Batting: RHB Tevin McTevin 0-0: Ball
1-0: Foul Ball, location: 2F
1-1: Called Strike
1-2: Ball
2-2: SINGLE (Line Drive, 6M)
Ricardo Rivera to second
Pinch Hitting: RHB Luis Estrada 0-0: Ball
1-0: Foul Ball, location: 2F
1-1: Foul Ball, location: 2F
1-2: Ball
2-2: Ball
3-2: Foul Ball, location: 2F
3-2: Fly out, F8 (Flyball, 89D)
Runner from 2nd tags up, SAFE at 3rd, no throw
Batting: RHB Johnny Henshaw-Jacobs 0-0: Hit by Pitch
Tevin McTevin to second
Batting: RHB Gerardo Espinoza 0-0: Ball
1-0: Ball
2-0: Foul Ball, location: 2F
2-1: Foul Ball, location: 2F
2-2: Foul Ball, location: 2F
2-2: Foul Ball, location: 2F
2-2: Fly out, F9 (Flyball, 9LMF)
Bottom of the 11th over - 0 run(s), 2 hit(s), 0 error(s), 3 left on base; Idaho Falls 3 - Highwood 3
TOP OF THE 12TH
Idaho Falls Chukars batting - Pitching for Highwood Hawks : RHP Robert Vodchak
Now at C: Luis Estrada
Now in RF: Ricardo Rivera
Pinch Hitting: LHB Jesús López 0-0: Called Strike
0-1: Foul Ball, location: 2F
0-2: Strikes out looking
Batting: LHB Jérôme Masson 0-0: Ball
1-0: Swinging Strike
1-1: Ball
2-1: Swinging Strike
2-2: Strikes out swinging
Batting: SHB José López 0-0: Foul Ball, location: 2F
0-1: Ball
1-1: Fly out, F7 (Flyball, 7LS)
Top of the 12th over - 0 run(s), 0 hit(s), 0 error(s), 0 left on base; Idaho Falls 3 - Highwood 3
BOTTOM OF THE 12TH
Highwood Hawks batting - Pitching for Idaho Falls Chukars : RHP Ron Armstrong
Now at C: Shih-k'ai Sima
Batting: RHB Stephen McManus 0-0: Foul Ball, location: 2F
0-1: SINGLE (Groundball, 4MD)
Batting: RHB Owen Cannon 0-0: Ball
1-0: Ball
Stephen McManus is caught stealing 2nd base
2-0: Swinging Strike
2-1: Ground out 5-3 (Groundball, 5)
Batting: LHB Jeff Simpson 0-0: SINGLE (Flyball, 89S)
Batting: RHB Ricardo Rivera 0-0: Ball
1-0: Called Strike
Jeff Simpson steals 2nd base
1-1: Foul Ball, location: 2F
1-2: Strikes out swinging
Bottom of the 12th over - 0 run(s), 2 hit(s), 0 error(s), 1 left on base; Idaho Falls 3 - Highwood 3
TOP OF THE 13TH
Idaho Falls Chukars batting - Pitching for Highwood Hawks : RHP Robert Vodchak
Batting: LHB Víctor Puente 0-0: Ball
1-0: Swinging Strike
1-1: DOUBLE (Line Drive, 8LXD)
Batting: RHB Leon Carlisle 0-0: Bunted foul
0-1: Sac Bunt - play at first, batter OUT! 5-4
Víctor Puente to third
Batting: SHB Félix Medina 0-0: Foul Ball, location: 2F
0-1: Ball
1-1: Swinging Strike
1-2: Strikes out looking
Batting: RHB Scott Ramsey 0-0: Called Strike
0-1: SINGLE (Line Drive, 3)
Víctor Puente scores
Batting: RHB Spencer Lyng 0-0: Swinging Strike
0-1: Foul Ball, location: 2F
0-2: Ball
1-2: Fielders Choice at 2nd, 6-4 (Groundball, 6)
Top of the 13th over - 1 run(s), 2 hit(s), 0 error(s), 0 left on base; Idaho Falls 4 - Highwood 3
BOTTOM OF THE 13TH
Highwood Hawks batting - Pitching for Idaho Falls Chukars : RHP Ron Armstrong
Batting: RHB Lane McCool 0-0: Ball
1-0: Swinging Strike
1-1: Foul Ball, location: 2F
1-2: Strikes out looking
Batting: RHB Tevin McTevin 0-0: Foul Ball, location: 2F
0-1: Ground out 6-3 (Groundball, 6)
Batting: RHB Luis Estrada 0-0: Ball
1-0: Ball
2-0: Called Strike
2-1: Foul Ball, location: 2F
2-2: Ball
3-2: Base on Balls
Batting: RHB Johnny Henshaw-Jacobs 0-0: Ball
1-0: Ball
2-0: Ball
3-0: Base on Balls
Luis Estrada to second
Pinch Runner at 2nd José Sánchez:
Batting: RHB Gerardo Espinoza 0-0: Called Strike
0-1: Foul Ball, location: 2F
0-2: Foul Ball, location: 2F
0-2: Ball
1-2: Reached on error, E6 (Groundball, 56)
José Sánchez to third
Johnny Henshaw-Jacobs to second
Batting: RHB Stephen McManus 0-0: Swinging Strike
0-1: Foul Ball, location: 2F
0-2: Ball
1-2: Ball
2-2: Ball
3-2: SINGLE (Groundball, 6MD)
José Sánchez scores
Johnny Henshaw-Jacobs to third
Gerardo Espinoza to second
Johnny Henshaw-Jacobs scores
Saturday, May 26th, 2018 - OOTP Baseball 17.12 Build 75